 Dungeon Crawl Stone Soup version 0.29-a0-821-g66395355a5 (webtiles) character file.

Game seed: 1522657514212584278

248 spaghetti the Caller (level 6, -4/44 HPs)
             Began as a Gnoll Summoner on July 7, 2022.
             Slain by an ogre
             ... wielding a +0 giant club
              (22 damage)
             ... on level 3 of the Dungeon.
             The game lasted 00:05:35 (3264 turns).

spaghetti the Caller (Gnoll Summoner)               Turns: 3264, Time: 00:05:35

Health: -4/44      AC:  3    Str:  8    XL:     6   Next: 12%
Magic:  14/14      EV: 13    Int: 16    God:
Gold:   36         SH:  0    Dex: 12    Spells: 4/15 levels left

rFire   . . .      SeeInvis .   d - +0 dagger {short}
rCold   . . .      Faith    .   (no shield)
rNeg    . . .      Spirit   .   a - +0 robe
rPois   .          Reflect  .   (no helmet)
rElec   .          Harm     .   (no cloak)
rCorr   .          Rampage  .   j - +0 pair of gloves
Will    .....                   (no boots)
Stlth   +++.......              (no amulet)
HPRegen 0.14/turn               (no ring)
MPRegen 0.14/turn               (no ring)

@: very slightly contaminated
A: fangs 1, strong nose, distributed training
a: no special abilities


You were on level 3 of the Dungeon.
You visited 1 branch of the dungeon, and saw 3 of its levels.

You collected 36 gold pieces.


Innate Abilities, Weirdness & Mutations

You have very sharp teeth.
Your uncanny sense of smell can sniff out nearby items.
Your experience applies equally to all skills.


   Skills:
 + Level 1.9 Fighting
 + Level 1.9 Short Blades
 + Level 1.9 Long Blades
 + Level 1.9 Axes
 + Level 1.9 Maces & Flails
 + Level 1.9 Polearms
 + Level 1.9 Staves
 + Level 1.9 Ranged Weapons
 + Level 1.9 Throwing
 + Level 1.9 Armour
 + Level 4.9 Dodging
 + Level 4.5 Stealth
 + Level 1.9 Shields
 + Level 1.9 Unarmed Combat
 + Level 5.3 Spellcasting
 + Level 1.5 Conjurations
 + Level 1.5 Hexes
 + Level 7.2 Summonings
 + Level 1.5 Necromancy
 + Level 1.5 Translocations
 + Level 1.5 Transmutations
 + Level 1.5 Fire Magic
 + Level 1.5 Ice Magic
 + Level 1.5 Air Magic
 + Level 1.5 Earth Magic
 + Level 1.5 Poison Magic
 + Level 2.1 Invocations
 + Level 1.9 Evocations


You had 4 spell levels left.
You knew the following spells:

 Your Spells              Type           Power      Damage    Failure   Level
a - Summon Small Mammal   Summ           100%       N/A       1%          1
b - Call Imp              Summ           27%        N/A       1%          2
c - Call Canine Familiar  Summ           27%        N/A       2%          3
d - Summon Lightning Spi  Summ/Air       18%        N/A       24%         4
e - Necrotise             Necr           36%        1d5       8%          1

Your spell library contained the following spells:

 Spells                   Type           Power      Damage    Failure   Level
 Apportation              Tloc           18%        N/A       8%          1
 Summon Guardian Golem    Hex/Summ       18%        N/A       8%          3

Inventory:

Hand Weapons
 d - a +0 dagger (weapon) {short}
   (You found it on level 1 of the Dungeon)
Missiles
 c - 15 stones {throwing}
 m - a throwing net {=f!fthrowing}
 q - 5 poisoned darts {throwing}
Armour
 a - a +0 robe (worn)
 j - a +0 pair of gloves (worn)
   (You found it on level 1 of the Dungeon)
 o - the +1 plate armour "Ynalyikk" {-Tele rC++ Dex+6}
   (You found it on level 2 of the Dungeon)

   Dex:       It affects your dexterity (+6).
   rC:        It greatly protects you from cold.
   -Tele:     It prevents most forms of teleportation.
Magical Staves
 h - a staff of death {!astaff}
   (You found it on level 1 of the Dungeon)
Jewellery
 i - a ring of flight
   (You found it on level 1 of the Dungeon)
Scrolls
 e - 3 scrolls of immolation {!r!r}
 g - a scroll of teleportation {@r4}
 k - a scroll of enchant armour
 n - 3 scrolls of identify {@r1}
Potions
 f - a potion of flight {unknown}
 l - 3 potions of curing {@q1}
 p - a potion of berserk rage {unknown}

Dungeon Overview and Level Annotations

Branches:
Dungeon (3/15) Zot: 14715

Altars:

Shops:
D:1

[
###...###................+
#.#........#.######...##
#.#....#..........#.###
#....#.#..###.###.#.##
#.####.#>............#
####...#.########.#..#
#.###.########.#..# #.
......5O....#..# #
.#.####@#X###... ∆ ....
#h#.....#.. # ..
#.###.###..# #.. .# ..#
#.. # #.## #.# ..#


You could see an ogre (ally target), a friendly hound (summoned) and a friendly
crimson imp (summoned).


Message History

Nothing appears to happen.
The ball python completely misses you.
The ball python constricts you. 😎 MP[-3]
You lost 3 mp, and now have 11/14 mp.
Unknown command.
Casting: Call Canine Familiar (dangerous; 2% risk of failure)
Confirm with . or Enter, or press ? or * to list all spells.
The ball python barely misses you.
The ball python constricts you. 😕 HP[-1] MP[-3]
You take 1 damage, and now have 43/44 hp.
You lost 3 mp, and now have 8/14 mp.
Unknown command.
Unknown command.
You hit the ball python but do no damage.
The ball python bites you but does no damage.
The ball python constricts you.
Your hound bites the ball python.
You hit the ball python.
You kill the ball python!
Your magical contamination has completely faded away. 😎 HP[+1] MP[+1]
Your hp is fully restored (44).
Your hound disappears in a puff of smoke!
n - 3 scrolls of identify {@r1} (gained 1) Key pressed, stopping explore.
p - a yellow potion 😎 MP[+5]
Your mp is fully restored (14).
An ogre comes into view. It is wielding a +0 giant club.
An ogre is nearby!
Unknown command.
Unknown command.
An ogre is nearby!
An ogre is nearby!
Casting: Call Canine Familiar (dangerous; 2% risk of failure)
Confirm with . or Enter, or press ? or * to list all spells.
The ogre shouts! 😎 MP[-3]
You lost 3 mp, and now have 11/14 mp.
Casting: Call Canine Familiar (dangerous; 2% risk of failure)
Confirm with . or Enter, or press ? or * to list all spells.
A beastly little devil appears in a puff of flame. 😎 MP[-2]
You lost 2 mp, and now have 9/14 mp.
Casting: Call Imp (safe; 1% risk of failure)
Confirm with . or Enter, or press ? or * to list all spells.
Aiming: Necrotise (safe; 8% risk of failure)
Press: ? - help, Shift-Dir - straight line, f - ogre
Aim: an ogre, wielding a +0 giant club (ally target, chance to affect: 61%)
The ogre writhes in agony.
Your hound bites the ogre.
The ogre hits your hound with a +0 giant club!!
Your hound dies!
Your hound's corpse disappears in a puff of smoke!
The ogre shouts! 😎 MP[-1]
You lost 1 mp, and now have 8/14 mp.
Casting: Necrotise (safe; 8% risk of failure)
Confirm with . or Enter, or press ? or * to list all spells.
Aiming: Necrotise (safe; 8% risk of failure)
Press: ? - help, Shift-Dir - straight line, f/p - ogre
Aim: an ogre, wielding a +0 giant club (blue smoke, lightly wounded, ally target, chance to affect: 61%)
The ogre resists with significant effort. 😎 MP[-1]
You lost 1 mp, and now have 7/14 mp.
Casting: Necrotise (safe; 8% risk of failure)
Confirm with . or Enter, or press ? or * to list all spells.
The ogre hits you with a +0 giant club.
Your crimson imp hits the ogre but does no damage. 😕 HP[-6] MP[-3]
You take 6 damage, and now have 38/44 hp.
You lost 3 mp, and now have 4/14 mp.
Unknown command.
Your crimson imp hits the ogre.
Casting: Call Canine Familiar (dangerous; 2% risk of failure)
Confirm with . or Enter, or press ? or * to list all spells.
You don't know that spell.
Casting: Call Canine Familiar (dangerous; 2% risk of failure)
Confirm with . or Enter, or press ? or * to list all spells.
The spell is quite dangerous to miscast (24% risk of failure)!
Continue anyway?
You miscast Summon Lightning Spire.
You are very lightly contaminated with residual magic.
A chorus of moans calls out in your mind.
A nameless horror comes into view.
The ogre hits you with a +0 giant club!!
* * * LOW HITPOINT WARNING * * *
Your crimson imp hits the ogre. 😨 HP[-20] MP[-3]
You take 20 damage, and now have 18/44 hp.
MASSIVE DAMAGE!! (PAUSE)
You lost 3 mp, and now have 1/14 mp.
Unknown command.
Unknown command.
You aren't carrying any items that you can evoke.
Magic courses through your body. 😨 MP[+13]
Your mp is fully restored (14).
The nameless horror attacks as you move away!
The nameless horror closely misses you.
The ogre hits you with a +0 giant club!!
Ouch! That really hurt!
You die...

Skill      XL: |  1  2  3 |
---------------+----------+-----
Spellcasting   | 5 |  5.3
Invocations    | 2 |  2.1
Fighting       | 1 |  1.9
Short Blades   | 1 |  1.9
Long Blades    | 1 |  1.9
Axes           | 1 |  1.9
Maces & Flails | 1 |  1.9
Polearms       | 1 |  1.9
Staves         | 1 |  1.9
Ranged Weapons | 1 |  1.9
Throwing       | 1 |  1.9
Armour         | 1 |  1.9
Shields        | 1 |  1.9
Unarmed Combat | 1 |  1.9
Evocations     | 1 |  1.9
Conjurations   | 1 |  1.5
Hexes          | 1 |  1.5
Necromancy     | 1 |  1.5
Translocations | 1 |  1.5
Transmutations | 1 |  1.5
Fire Magic     | 1 |  1.5
Ice Magic      | 1 |  1.5
Air Magic      | 1 |  1.5
Earth Magic    | 1 |  1.5
Poison Magic   | 1 |  1.5
Dodging        | |  4.9
Stealth        | |  4.5
Summonings     | |  7.2

Action                   |  1- 3 |  4- 6 || total
-------------------------+-------+-------++-------
Melee: Dagger            |    61 |    49 ||   110
       Unarmed           |     9 |       ||     9
       Bite              |     5 |     5 ||    10
 Cast: Summon Small Mamm |    17 |       ||    17
       Call Imp          |     8 |     5 ||    13
       Call Canine Famil |     3 |     7 ||    10
       Necrotise         |       |    12 ||    12
  Use: Potion            |     2 |     1 ||     3
       Scroll            |     2 |     5 ||     7
 Stab: Sleeping          |     7 |     5 ||    12
Armor: Robe              |    22 |    14 ||    36
Dodge: Dodged            |    62 |    58 ||   120

Levels and vault maps discovered:
D:1:      dpeg_arrival_rhombus, layout_basic, serial_shops,
          nicolae_diamond_shop, basic_ecumenical_altar
D:2:      layout_loops_corners, serial_bayou, serial_bayou_pond_e,
          serial_bayou_pond_b, serial_bayou_pond_d, serial_bayou_lagoon_b,
          uniq_sigmund, uniq_robin
D:3:      layout_basic, st_stairs_2

Notes
Turn   | Place    | Note
-------+----------+-------------------------------------------
     0 | D:1      | spaghetti the Gnoll Summoner began the quest for the Orb.
     0 | D:1      | Reached XP level 1. HP: 13/13 MP: 6/6
     0 | D:1      | magus.rc [v1.9.6]
    56 | D:1      | HP: 3/13 [hobgoblin (2)]
   185 | D:1      | Reached XP level 2. HP: 12/19 MP: 4/7
   188 | D:1      | Learned a level 2 spell: Call Imp
   306 | D:1      | Found a faded altar of an unknown god.
   351 | D:1      | Found Gimau's Antique Armour Emporium.
  1334 | D:1      | Reached skill level 5 in Spellcasting
  1334 | D:1      | Reached XP level 3. HP: 25/25 MP: 7/9
  1338 | D:1      | Learned a level 3 spell: Call Canine Familiar
  1517 | D:2      | Noticed Robin
  1523 | D:2      | Noticed Sigmund
  1524 | D:2      | Reached skill level 1 in Invocations
  1531 | D:2      | HP: 5/25 [Robin/+0 mace (2)]
  1534 | D:2      | Killed Robin
  1536 | D:2      | Reached skill level 1 in Fighting
  1536 | D:2      | Reached skill level 1 in Short Blades
  1536 | D:2      | Reached skill level 1 in Long Blades
  1536 | D:2      | Reached skill level 1 in Axes
  1536 | D:2      | Reached skill level 1 in Maces & Flails
  1536 | D:2      | Reached skill level 1 in Polearms
  1536 | D:2      | Reached skill level 1 in Staves
  1536 | D:2      | Reached skill level 1 in Ranged Weapons
  1536 | D:2      | Reached skill level 1 in Throwing
  1536 | D:2      | Reached skill level 1 in Armour
  1536 | D:2      | Reached skill level 1 in Shields
  1536 | D:2      | Reached skill level 1 in Unarmed Combat
  1536 | D:2      | Reached skill level 1 in Evocations
  1695 | D:2      | Killed Sigmund
  1696 | D:2      | Reached skill level 1 in Conjurations
  1696 | D:2      | Reached skill level 1 in Hexes
  1696 | D:2      | Reached skill level 1 in Necromancy
  1696 | D:2      | Reached skill level 1 in Translocations
  1696 | D:2      | Reached skill level 1 in Transmutations
  1696 | D:2      | Reached skill level 1 in Fire Magic
  1696 | D:2      | Reached skill level 1 in Ice Magic
  1696 | D:2      | Reached skill level 1 in Air Magic
  1696 | D:2      | Reached skill level 1 in Earth Magic
  1696 | D:2      | Reached skill level 1 in Poison Magic
  1696 | D:2      | Reached skill level 2 in Invocations
  1696 | D:2      | Reached XP level 4. HP: 23/33 MP: 4/11
  1696 | D:2      | Reached XP level 5. HP: 26/38 MP: 4/12
  2000 | D:2      | Learned a level 4 spell: Summon Lightning Spire
  2074 | D:2      | You pick up a book of Cantrips and begin reading...
  2074 | D:2      | You add the spells Necrotise and Apportation to your
                  | library.
  2134 | D:2      | Learned a level 1 spell: Necrotise
  2135 | D:2      | Identified the +1 plate armour "Ynalyikk" {-Tele rC++
                  | Dex+6}
  2327 | D:2      | Reached XP level 6. HP: 15/44 MP: 3/13
  3115 | D:2      | You fall into a shaft and drop 1 floor!
  3262 | D:3      | Noticed a nameless horror
  3264 | D:3      | Slain by an ogre

Vanquished Creatures
  An adder (D:2)
  A worm (D:2)
  2 ball pythons
  5 endoplasms
  A giant cockroach (D:1)
  7 goblins
  4 hobgoblins
  A jackal (D:2)
  A quokka (D:2)
  3 bats
  3 kobolds
  3 rats (D:1)
32 creatures vanquished.

Vanquished Creatures (collateral kills)
  Sigmund (D:2)
  Robin (D:2)
  An adder (D:2)
  3 ball pythons
  2 endoplasms
  7 goblins (D:2)
  2 hobgoblins (D:2)
  2 jackals (D:2)
  A kobold (D:2)
  A bat (D:1)
  2 rats (D:1)
23 creatures vanquished.

Vanquished Creatures (others)
  19 plants (D:2)
19 creatures vanquished.

Grand Total: 74 creatures vanquished

Table legend:
 A = Non-vault XP
 B = Vault XP
 C = Vault XP percentage of total XP
 D = Non-vault monster count
 E = Vault monster count
 F = Vault count percentage of total count
                 A         B        C        D         E       F
            +---------+---------+-------+---------+---------+-------
      Total |      95 |     260 |  73.2 |      40 |      15 |  27.3
            +---------+---------+-------+---------+---------+-------
        D:1 |      35 |       0 |   0.0 |      22 |       0 |   0.0
        D:2 |      55 |     260 |  82.5 |      15 |      15 |  50.0
        D:3 |       5 |       0 |   0.0 |       3 |       0 |   0.0
            +---------+---------+-------+---------+---------+-------

Illustrated notes

Table legend:
 A = Kills in this place as a percentage of kills in entire the game.
 B = Kills by you in this place as a percentage of kills by you in the entire game.
 C = Kills by friends in this place as a percentage of kills by friends in the entire game.
 D = Other kills in this place as a percentage of other kills in the entire game.
 E = Experience gained in this place as a percentage of experience gained in the entire game.
 F = Experience gained in this place divided by the number of levels of this place that you have seen.
                   A       B       C       D       E      F
               +-------+-------+-------+-------+-------+----------------------
         Total | 100.0 | 100.0 | 100.0 |   N/A | 100.0 | 118.3
       Dungeon | 100.0 | 100.0 | 100.0 |   N/A | 100.0 | 118.3
               +-------+-------+-------+-------+-------+----------------------

Table legend: (Time is in decaauts)
 A = Elapsed time spent in this place.
 B = Non-inter-level travel time spent in this place.
 C = Inter-level travel time spent in this place.
 D = Time resting spent in this place.
 E = Time spent auto-exploring this place.
 F = Levels seen in this place.
 G = Mean time per level.
                   A        B        C        D        E       F      G
               +--------+--------+--------+--------+--------+-----+--------+
         Total |   3283 |   3269 |     14 |     25 |   2805 |   3 | 1094.3 |
       Dungeon |   3283 |   3269 |     14 |     25 |   2805 |   3 | 1094.3 |
               +--------+--------+--------+--------+--------+-----+--------+

Top non-repeatable levels by time:
     D:2: 1739 daAuts
     D:1: 1396 daAuts
     D:3: 148 daAuts
